 Dungeon Crawl Stone Soup version 0.30-a0-800-g7c544603b3 (webtiles) character file.

Game seed: 14651550104307682428

3954 NinjaNoafa the Thaumaturge (level 10, -3/70 HPs)
             Began as a Djinni Conjurer on Feb 21, 2023.
             Was an Elder of the Shining One.
             Shot with an arrow by a centaur (6 damage)
             ... on level 9 of the Dungeon.
             The game lasted 00:40:14 (8198 turns).

NinjaNoafa the Thaumaturge (Djinni Conjurer)        Turns: 8198, Time: 00:40:14

Health: -3/70      AC:  6    Str:  6    XL:     10   Next: 45%
Gold:   401        EV: 11    Int: 24    God:    the Shining One [****..] SH:  5 Dex: 12

rFire   + + +      SeeInvis .    f - staff of fire
rCold   . . .      Faith    .    n - +0 buckler
rNeg    + + .      Spirit   .    p - +0 leather armour {rC+}
rPois   ∞          Reflect  .    (no helmet)
rElec   .          Harm     .    E - +2 cloak
rCorr   .          Rampage  .    (no gloves)
Will    ++...                    (boots unavailable)
Stlth   +                        (no amulet)
HPRegen 0.31/turn                u - ring of willpower
MPRegen 0.00/turn                (no ring)

@: flying, glowing
A: sickness immunity, fire resistance 2, cold vulnerability 1, float, innate
caster, HP casting, extra vitality 1
a: Renounce Religion, Divine Shield, Cleansing Flame


You were on level 9 of the Dungeon.
You worshipped the Shining One.
The Shining One was greatly pleased with you.
You visited 2 branches of the dungeon, and saw 10 of its levels.
You also visited: Sewer and Ossuary.

You collected 536 gold pieces.
You spent 135 gold pieces at shops.

Inventory:

Hand Weapons
 i - a +1 dagger of venom
Missiles
 r - 36 poisoned darts
 y - 2 curare-tipped darts
Armour
 n - a +0 buckler (worn)
 p - a +0 leather armour of cold resistance (worn)
 E - a +2 cloak (worn)
Magical Staves
 f - a staff of fire (weapon)
Jewellery
 u - a ring of willpower (left hand)
Wands
 z - a wand of mindburst (9)
Scrolls
 b - 3 scrolls of immolation {unknown}
 d - a scroll of butterflies {unknown}
 e - 8 scrolls of poison
 g - 4 scrolls of teleportation
 j - 2 scrolls of noise {unknown}
 l - a scroll of blinking
 o - a scroll of magic mapping
 q - a scroll of acquirement {unknown}
 t - 3 scrolls of vulnerability {unknown}
 v - a scroll of fog {unknown}
 w - a scroll of fear {unknown}
 x - a scroll of silence {unknown}
 A - 2 scrolls of torment {unknown}
 G - a scroll of enchant armour {unknown}
 J - 4 scrolls of enchant weapon {unknown}
Potions
 a - 4 potions of heal wounds
 c - 3 potions of curing
 h - 4 potions of might
 k - 6 potions of brilliance
 m - 4 potions of mutation
 s - 2 potions of invisibility
 B - a potion of flight {unknown}
 C - a potion of resistance {unknown}
 D - a potion of cancellation
 F - 4 potions of attraction
 H - 3 potions of haste {unknown}
 I - a potion of lignification {unknown}
 K - a potion of experience {unknown}


   Skills:
 - Level 5.0 Fighting
 - Level 4.0 Armour
 + Level 2.1 Dodging
 - Level 1.5 Stealth
 - Level 4.0 Shields
 - Level 10.0 Spellcasting
 + Level 0.0 Evocations


You knew the following spells:

 Your Spells              Type           Power      Damage    Failure   Level
a - Lesser Beckoning      Tloc           100%       N/A       1%          2
b - Searing Ray           Conj           100%       2d8       1%          2
c - Dazzling Flash        Conj/Hex       100%       N/A       1%          3
d - Fulminant Prism       Conj/Hex       28%        3d14      1%          4
e - Iskenderun's Mystic   Conj/Tloc      56%        2d12      1%          4
f - Shock                 Conj/Air       100%       1d9       1%          1
g - Kindle Blastsparks    Fire/Tloc/Air  100%       2d18      1%          3
h - Blink                 Tloc           100%       N/A       1%          2
i - Magic Dart            Conj           100%       1d8       1%          1
Your spell library was empty.

Dungeon Overview and Level Annotations

Branches:
Dungeon (9/15)             Temple (1/1) D:4            Lair (0/5) D:8
  Sewer (visited)         Ossuary (visited)
    Orc: D:9-12

Altars:
Ashenzari
Cheibriados
Dithmenos
Elyvilon
Fedhas
Gozag
Hepliaklqana
Makhleb
Nemelex Xobeh
Okawaru
Qazlal
Ru
Trog
Uskayaw
Wu Jian
Xom
Yredelemnul
Zin
The Shining One

Shops:
D:5 [

Annotations:
D:5 2 transporters, Pimp's ghost, novice DrBe


Innate Abilities, Weirdness & Mutations

You are immune to sickness and miasma.
You are immune to poison.
Your flesh is very heat resistant. (rF++)
You are vulnerable to cold. (rC-)
You float through the air rather than walking.
You learn spells naturally, not from books.
Your magical power is your life essence.
You have superior vitality. (+4 MHP)


Message History

You conjure a prism of explosive energy!
A fulminant prism comes into view.
The centaur shoots an arrow.
The arrow hits your fulminant prism!
Your fulminant prism detonates feebly.
The centaur shoots an arrow.
The arrow hits you!
* * * LOW HITPOINT WARNING * * *
The centaur shoots an arrow.
The arrow hits you but does no damage.
The centaur shoots an arrow.
The arrow barely misses you.
The centaur shoots an arrow.
The arrow barely misses you.
Casting: Fulminant Prism (dangerous; 1% risk of failure)
Confirm with . or Enter, or press ? or * to list all spells.
Aiming: Lesser Beckoning (safe; 1% risk of failure)
Press: ? - help, Shift-Dir - straight line, f - centaur
Aim: a centaur, wielding a +0 shortbow (100% to hit)
Okay, then.
Casting: Lesser Beckoning (safe; 1% risk of failure)
Confirm with . or Enter, or press ? or * to list all spells.
You feel a surge of power!
A cloud of volatile blastsparks flares up around you!
* * * LOW HITPOINT WARNING * * *
The centaur shoots an arrow.
The arrow barely misses you.
The centaur shoots an arrow.
The arrow hits you!
* * * LOW HITPOINT WARNING * * *
The centaur shoots an arrow.
You block the arrow.
Casting: Kindle Blastsparks (safe; 1% risk of failure)
Confirm with . or Enter, or press ? or * to list all spells.
You can't see any susceptible monsters within range! (Use Z to cast anyway.)
You are too injured to fight recklessly!
The centaur shoots an arrow.
You block the arrow.
The centaur shoots an arrow.
The arrow barely misses you.
The centaur shoots an arrow.
The arrow hits you.
* * * LOW HITPOINT WARNING * * *
The centaur shoots an arrow.
The arrow closely misses you.
The centaur shoots an arrow.
You block the arrow.
The centaur shoots an arrow.
The arrow hits you!
* * * LOW HITPOINT WARNING * * *
The centaur shoots an arrow.
The arrow hits you!
* * * LOW HITPOINT WARNING * * *
The centaur shoots an arrow.
The arrow hits you.
You die...

.......................#.......#.
...............#######.#.......##
####.........###.....#.#........#
#.........#.......# #....##'##
#.........#.......+ #....#....
#.........#.......#.##''##....
#.........#.......#...........
#.........####'####...........
#............@.........<......
####.....c.......................
...>.............................
###.....#################.......#
#.....# #.......# #.....#
#.......# #.....# #.......#
#.....# #.......# #.....+
#.......#


You could see a centaur.

Vanquished Creatures
  A troll (D:9)
  A wyvern (D:8)
  2 wargs (D:8)
  A water moccasin (D:7)
  An ice beast (D:8)
  A sky beast (D:7)
  2 orc warriors
  A centaur (D:8)
  5 kobold brigands
  3 bullfrogs
  A gnoll sergeant (D:9)
  3 necrophages
  2 scorpions (D:4)
  2 water moccasin zombies (Ossuary)
  11 wights (D:8)
  3 howler monkeys (D:8)
  5 centaur zombies (Ossuary)
  2 hounds
  8 orc priests
  A human zombie (Ossuary)
  A jelly (D:7)
  4 orc wizards
  2 iguanas
  Terence (D:2)
  An ogre zombie (Ossuary)
  A mummy (Ossuary)
  16 gnolls
  6 adders
  A white imp (D:7)
  An ufetubus (D:5)
  2 adder zombies (Ossuary)
  A worm (D:3)
  5 dart slugs
  19 orcs
  12 endoplasms
  A giant cockroach (D:1)
  3 gnoll zombies (Ossuary)
  6 goblins
  6 hobgoblins
  2 jackals (D:4)
  2 quokkas (D:2)
  11 ball pythons
  3 bats
  4 frilled lizards
  2 goblin zombies (Ossuary)
  31 kobolds
  3 orc zombies (Ossuary)
  7 rats
210 creatures vanquished.

Vanquished Creatures (others)
  7 fulminant prisms
  3 plants
  5 withered plants (D:3)
15 creatures vanquished.

Grand Total: 225 creatures vanquished

Notes
Turn   | Place    | Note
-------+----------+-------------------------------------------
     0 | D:1      | NinjaNoafa the Djinni Conjurer began the quest for the Orb.
     0 | D:1      | NinjaNoafa set off with the following spells memorised:
                  | Magic Dart, Searing Ray, Dazzling Flash, Fulminant Prism,
                  | Iskenderun's Mystic Blast.
     0 | D:1      | Reached XP level 1. HP: 15/15 MP: 0/0
   124 | D:1      | Reached skill level 1 in Fighting
   124 | D:1      | Reached XP level 2. HP: 19/22 MP: 0/0
   280 | D:1      | Reached XP level 3. HP: 22/27 MP: 0/0
   280 | D:1      | Learned a level 1 spell: Shock
   659 | D:2      | Reached skill level 1 in Shields
   834 | D:2      | Reached XP level 4. HP: 17/32 MP: 0/0
   907 | D:2      | Noticed Terence
   920 | D:2      | Killed Terence
  1295 | D:3      | You are sucked into a shaft and drop 1 floor!
  1372 | D:4      | Reached XP level 5. HP: 30/37 MP: 0/0
  1372 | D:4      | Learned a level 2 spell: Lesser Beckoning
  1444 | D:4      | Found a staircase to the Ecumenical Temple.
  1464 | Temple   | Entered the Ecumenical Temple
  1505 | Temple   | Became a worshipper of Ashenzari the Shackled
  1658 | D:3      | Found a glowing drain.
  1662 | Sewer    | Entered a sewer
  1709 | Sewer    | Noticed a kobold brigand
  1748 | Sewer    | Killed a kobold brigand
  1749 | Sewer    | Reached XP level 6. HP: 11/46 MP: 0/0
  1868 | Sewer    | Reached skill level 4 in Spellcasting
  1935 | Sewer    | Reached XP level 7. HP: 11/50 MP: 0/0
  1935 | Sewer    | Learned a level 2 spell: Blink
  2537 | Temple   | Fell from the grace of Ashenzari
  2537 | Temple   | Became a worshipper of the Shining One
  2811 | D:4      | Reached skill level 5 in Spellcasting
  3121 | D:5      | Entered Level 5 of the Dungeon
  3229 | D:5      | Found Waam's Antique Armour Shoppe.
  3240 | D:5      | Bought a runed leather armour for 135 gold pieces
  3326 | D:5      | Found a sand-covered staircase.
  3334 | Ossuary  | Entered an ossuary
  3432 | Ossuary  | Reached * piety under the Shining One
  3443 | Ossuary  | Reached skill level 1 in Armour
  3443 | Ossuary  | Reached XP level 8. HP: 4/56 MP: 0/0
  3920 | Ossuary  | Reached skill level 6 in Spellcasting
  3921 | Ossuary  | Reached ** piety under the Shining One
  3964 | Ossuary  | HP: 1/56 [centaur zombie (3)]
  3964 | Ossuary  | The Shining One protects you from harm!
  4089 | Ossuary  | Noticed a silent spectre
  4248 | D:5      | Found a transporter.
  4252 | D:5      | Noticed Pimp's ghost (novice DrBe)
  4253 | D:5      | Found a transporter.
  4578 | D:5      | Was forgiven by Ashenzari
  5109 | D:6      | Found a bloodstained altar of Trog.
  5115 | D:6      | Reached XP level 9. HP: 46/60 MP: 0/0
  5115 | D:6      | Learned a level 3 spell: Kindle Blastsparks
  5289 | D:6      | Found a burning altar of Makhleb.
  5290 | D:6      | Found a snail-covered altar of Cheibriados.
  5348 | D:7      | Reached skill level 7 in Spellcasting
  5779 | D:7      | Reached *** piety under the Shining One
  6397 | D:8      | Reached skill level 5 in Fighting
  6414 | D:8      | Reached skill level 8 in Spellcasting
  6902 | D:8      | Found a staircase to the Lair.
  7017 | D:8      | Reached XP level 10. HP: 15/70 MP: 0/0
  7264 | D:8      | Reached **** piety under the Shining One
  7270 | D:8      | Reached skill level 9 in Spellcasting
  8119 | D:9      | Reached skill level 10 in Spellcasting
  8196 | D:9      | HP: 3/70 [centaur/arrow (11)]
  8198 | D:9      | Shot with an arrow by a centaur

Illustrated notes

Levels and vault maps discovered:
D:1:      ncdulo_lavacross, layout_basic, minmay_pentomino_z2
D:2:      layout_basic, chequers_big_river, minivault_25,
          hangedman_decor_diamond_cutter, serial_park_tiny_pond, uniq_terence
D:3:      minmay_wonky_spiral, layout_rooms, kiku_gazebo_garden_becter,
          gup_sewer_entry_bowl
D:4:      layout_basic, minmay_temple_entry_purple_smoke
D:5:      layout_gridville, serial_shops, kennysheep_mini,
          gammafunk_ghost_mausoleum, enter_ossuary_2
D:6:      layout_loops_ring, trog_book, gammafunk_temple_overflow_statue,
          hangedman_decor_points, amcnicky_mini_corridor_feature
D:7:      layout_loops_corners
D:8:      layout_gridville, erik_lair_orcish_takeover
D:9:      layout_irregular_city
Temple:   compressed_dpeg_circular_temple

Skill      XL: |  1  2  3  4  5  6  7  8  9 10 |
---------------+-------------------------------+-----
Fighting       | 1 3 5 |  5.0
Shields        | 2 3 4 |  4.0
Spellcasting   | 4 5 6 8 10 | 10.0
Armour         | 1 4 |  4.0
Dodging        | |  2.1
Stealth        | |  1.5

Action                     |  1- 3 |  4- 6 |  7- 9 | 10-12 || total
---------------------------+-------+-------+-------+-------++-------
  Melee: Staff             |     1 |     7 |    19 |    21 ||    48
   Cast: Magic Dart        |    47 |    40 |    41 |       ||   128
         Searing Ray       |     6 |    16 |    74 |     3 ||    99
         Shock             |       |     9 |    23 |       ||    32
         Lesser Beckoning  |       |     1 |    14 |     4 ||    19
         Dazzling Flash    |       |     1 |       |       ||     1
         Blink             |       |       |    16 |     1 ||    17
         Kindle Blastspark |       |       |    37 |    13 ||    50
         Iskenderun's Myst |       |       |     7 |     8 ||    15
         Fulminant Prism   |       |       |     5 |     2 ||     7
    Use: Scroll            |       |     3 |    14 |       ||    17
         Potion            |       |       |     5 |       ||     5
 Armour: Robe              |     2 |     7 |     6 |       ||    15
         Leather armour    |       |       |    97 |    12 ||   109
  Dodge: Dodged            |     7 |    26 |   141 |    29 ||   203
  Block: Buckler           |     1 |     9 |    56 |    16 ||    82

Table legend: (Time is in decaauts)
 A = Elapsed time spent in this place.
 B = Non-inter-level travel time spent in this place.
 C = Inter-level travel time spent in this place.
 D = Time resting spent in this place.
 E = Time spent auto-exploring this place.
 F = Levels seen in this place.
 G = Mean time per level.
                   A        B        C        D        E       F      G
               +--------+--------+--------+--------+--------+-----+--------+
         Total |   8211 |   6674 |   1537 |    372 |   1494 |  12 |  684.2 |
       Dungeon |   7048 |   5541 |   1507 |    194 |   1233 |   9 |  783.1 |
        Temple |     72 |     43 |     29 |      0 |      0 |   1 |   72.0 |
         Sewer |    290 |    290 |      0 |      0 |     34 |   1 |  290.0 |
       Ossuary |    799 |    799 |      0 |    178 |    227 |   1 |  799.0 |
               +--------+--------+--------+--------+--------+-----+--------+

Top non-repeatable levels by time:
     D:8: 1224 daAuts
     D:4: 1005 daAuts
     D:7: 1004 daAuts
 Ossuary: 799 daAuts
     D:5: 709 daAuts
     D:6: 686 daAuts
     D:2: 670 daAuts
     D:9: 614 daAuts
     D:1: 575 daAuts
     D:3: 557 daAuts
   Sewer: 290 daAuts
  Temple: 72 daAuts
